 Dungeon Crawl Stone Soup version 0.23.2-40-g277498a001 (webtiles) character file.

Game seed: 8080359166045745329

5187 Amplified the Cleaver (level 10, -1/91 HPs)
             Began as a Hill Orc Fighter on Oct 17, 2019.
             Was a Priest of Makhleb.
             Engulfed by a fire crab's flame (7 damage)
             ... on level 10 of the Dungeon.
             The game lasted 00:09:19 (7976 turns).

Amplified the Cleaver (Hill Orc Fighter)            Turns: 7976, Time: 00:09:20

Health: -1/91      AC: 14    Str: 25    XL:     10   Next: 60%
Magic:  16/16      EV: 14    Int: 11    God:    Makhleb [***...]
Gold:   424        SH:  4    Dex: 10    Spells: 9/9 levels left

rFire    + + .     SeeInvis .   a - +1 war axe
rCold    + . .     Gourm    .   l - +0 buckler
rNeg     . . .     Faith    .   y - +3 leather armour {rC+}
rPois    .         Spirit   .   (no helmet)
rElec    .         Reflect  .   (no cloak)
rCorr    .         Harm     .   v - +2 pair of gloves
MR       .....     Clarity  +   t - +0 pair of boots
Stlth    +.........             (no amulet)
HPRegen  0.25/turn              r - ring of protection from fire
MPRegen  0.15/turn              s - +3 ring of protection

@: mighty
A: clarity, fire resistance 1
a: Minor Destruction, Lesser Servant of Makhleb, Renounce Religion


You were on level 10 of the Dungeon.
You worshipped Makhleb.
Makhleb was most pleased with you.
You were not hungry.

You visited 2 branches of the dungeon, and saw 11 of its levels.

You collected 424 gold pieces.

Inventory:

Hand Weapons
 a - a +1 war axe (weapon)
Missiles
 i - 61 poisoned needles
 j - 5 curare-tipped needles
 u - a throwing net (quivered)
Armour
 b - a +0 scale mail
 c - a +0 shield
 l - a +0 buckler (worn)
 t - a +0 pair of boots (worn)
 v - a +2 pair of gloves (worn)
 y - a +3 leather armour of cold resistance (worn)
Jewellery
 g - an uncursed ring of flight
 r - a ring of protection from fire (left hand)
 s - a +3 ring of protection (right hand)
Wands
 q - a wand of disintegration (11)
 w - a wand of paralysis (2)
 z - a wand of digging (4)
 A - a wand of flame (24)
Scrolls
 k - 2 scrolls of amnesia
 n - a scroll of remove curse
 o - 3 scrolls of identify
 p - a scroll of enchant weapon
Potions
 e - 2 potions of flight
 h - 2 potions of brilliance
 m - 4 potions of mutation
Comestibles
 f - 17 rations


   Skills:
 * Level 9.0 Fighting
 * Level 9.3 Axes
 * Level 8.2 Armour
 * Level 5.6 Dodging
 - Level 4.2 Shields
 * Level 8.3 Invocations


You had 9 spell levels left.
You didn't know any spells.
Your spell library was empty.

Dungeon Overview and Level Annotations

Branches:
Dungeon (10/15)            Temple (1/1) D:5            Lair (0/6) D:9
    Orc (0/2) D:10

Altars:
Ashenzari
Cheibriados
Dithmenos
Elyvilon
Fedhas
Gozag
Hepliaklqana
Kikubaaqudgha
Makhleb
Nemelex Xobeh
Okawaru
Ru
Sif Muna
Trog
Uskayaw
Vehumet
Yredelemnul
Zin
The Shining One

Shops:
D:4 (   D:5 :   D:7 [

Annotations:
D:7 1 runed translucent door, Kavlax's ghost, novice GrFi


Innate Abilities, Weirdness & Mutations

You possess an exceptional clarity of mind.
Your flesh is heat resistant. (rF+)


Message History

* * * LOW HITPOINT WARNING * * *
You strike the helpless fire crab from behind!
You hit the fire crab but do no damage.
The fire crab is heavily wounded.
You are engulfed in blazing flames.
You resist.
* * * LOW HITPOINT WARNING * * *
The fire crab struggles against the net.
Unknown command.
You slash the fire crab!
The fire crab is almost dead.
The fire crab struggles against the net.
The fire crab breathes flames at you. The blast of flame engulfs you.
You resist.
* * * LOW HITPOINT WARNING * * *
The fire crab struggles against the net.
You catch the helpless fire crab completely off-guard!
You hit the fire crab.
The fire crab is almost dead.
You are engulfed in blazing flames.
You resist.
You die...

#.# #.# #.# ## #t# #. #÷#
#. #.# #(
#'#######################.
#..t○°°°#@##..............
########t################.
#○# #. #○# #. #○#
##########. #.#
#...<.()... #.#
#.#####)... #.# #.#
#...... #.# #.###.#.#).


You could see a fire crab (caught).

Vanquished Creatures
  A two-headed ogre (D:8)
  A hornet (D:9)
  A human (D:10)
  A warg (D:10)
  3 orc warriors
  A sky beast (D:10)
  2 black bears
  A necrophage (D:7)
  2 ice beasts
  4 ogres
  A centaur (D:10)
  4 bullfrogs
  A gnoll sergeant (D:8)
  A scorpion (D:6)
  5 killer bees (D:9)
  3 howler monkeys
  3 crimson imps
  2 centaur zombies (D:9)
  8 hounds
  A jelly (D:7)
  3 centaur skeletons
  8 orc priests
  A bullfrog skeleton (D:10)
  4 orc wizards
  5 worker ants
  A killer bee zombie (D:10)
  A hound zombie (D:7)
  A worker ant zombie (D:6)
  5 gnolls
  7 adders
  An adder skeleton (D:7)
  A worm (D:5)
  3 dart slugs
  7 leopard geckos
  41 orcs
  6 giant cockroaches
  2 goblins
  9 hobgoblins
  4 jackals (D:1)
  4 quokkas
  4 ball pythons
  9 bats
  2 frilled lizards
  A jackal skeleton (D:7)
  3 kobolds
  A quokka skeleton (D:9)
  9 rats
189 creatures vanquished.

Vanquished Creatures (collateral kills)
  A two-headed ogre (D:10)
  A hungry ghost (D:10)
  An orc wizard (D:10)
3 creatures vanquished.

Vanquished Creatures (others)
  A rat (D:2)
  A withered plant (D:7)
2 creatures vanquished.

Grand Total: 194 creatures vanquished

Notes
Turn   | Place    | Note
-------+----------+-------------------------------------------
     0 | D:1      | Amplified the Hill Orc Fighter began the quest for the Orb.
     0 | D:1      | Reached XP level 1. HP: 19/19 MP: 1/1
    89 | D:1      | Reached XP level 2. HP: 19/27 MP: 2/2
   290 | D:1      | Reached XP level 3. HP: 26/33 MP: 3/3
   613 | D:2      | Reached skill level 1 in Dodging
   722 | D:2      | Found a white marble altar of Elyvilon.
  1081 | D:3      | Reached XP level 4. HP: 40/40 MP: 4/4
  1084 | D:3      | Found a shattered altar of Ashenzari.
  1353 | D:3      | Found a bloodstained altar of Trog.
  1945 | D:3      | Gained mutation: You possess an exceptional clarity of
                  | mind. [potion of mutation]
  1945 | D:3      | Gained mutation: Your flesh is heat resistant. (rF+)
                  | [potion of mutation]
  2105 | D:4      | Found Foj Wes's Weapon Emporium.
  2111 | D:4      | Noticed an ogre
  2112 | D:4      | Reached XP level 5. HP: 25/47 MP: 5/5
  2131 | D:5      | Entered Level 5 of the Dungeon
  2259 | D:5      | Found Ohui's Book Emporium.
  2414 | D:5      | Found a staircase to the Ecumenical Temple.
  2434 | Temple   | Entered the Ecumenical Temple
  2680 | Temple   | Became a worshipper of Makhleb the Destroyer
  3140 | D:6      | Reached XP level 6. HP: 28/55 MP: 6/6
  3151 | D:6      | Reached skill level 1 in Invocations
  3169 | D:6      | Reached skill level 5 in Fighting
  3328 | D:6      | Reached XP level 7. HP: 47/61 MP: 8/8
  3688 | D:6      | Reached skill level 5 in Axes
  3949 | D:7      | Reached skill level 5 in Armour
  3989 | D:7      | Found Zuuz's Armour Boutique.
  4005 | D:7      | Reached * piety under Makhleb
  4018 | D:7      | Found a runed translucent door.
  4018 | D:7      | Noticed Kavlax's ghost (novice GrFi)
  4036 | D:7      | Reached XP level 8. HP: 61/70 MP: 10/10
  4293 | D:7      | Found a deep blue altar of Sif Muna.
  4420 | D:7      | Found a snail-covered altar of Cheibriados.
  4838 | D:8      | Noticed a two-headed ogre
  4856 | D:8      | Killed a two-headed ogre
  4856 | D:8      | Reached skill level 5 in Invocations
  4856 | D:8      | Reached XP level 9. HP: 40/79 MP: 11/13
  5133 | D:8      | Found an ancient bone altar of Kikubaaqudgha.
  5853 | D:9      | Reached ** piety under Makhleb
  5953 | D:9      | Noticed a death yak
  5954 | D:9      | Noticed a death yak
  5955 | D:9      | Noticed a death yak
  5955 | D:9      | Noticed a death yak
  5957 | D:9      | Noticed a death yak
  5958 | D:9      | Noticed a death yak
  5961 | D:9      | Noticed a death yak
  6408 | D:9      | Noticed a hornet
  6415 | D:9      | Killed a hornet
  6565 | D:9      | Found a staircase to the Lair.
  6605 | D:10     | Entered Level 10 of the Dungeon
  6682 | D:10     | Reached XP level 10. HP: 88/88 MP: 15/15
  6706 | D:10     | Reached skill level 5 in Dodging
  6747 | D:10     | Reached *** piety under Makhleb
  7006 | D:10     | Found a staircase to the Orcish Mines.
  7174 | D:10     | Found a runed translucent door.
  7284 | D:10     | Noticed a two-headed ogre
  7318 | D:10     | Killed a two-headed ogre
  7939 | D:10     | Noticed a fire crab
  7976 | D:10     | Engulfed by a fire crab's flame

Skill      XL: |  1  2  3  4  5  6  7  8  9 10 |
---------------+-------------------------------+-----
Axes           | 3 4 5 7 8 9 |  9.3
Fighting       | 4 5 6 7 8 9 |  9.0
Dodging        | 1 2 3 4 5 |  5.6
Shields        | 4 |  4.2
Armour         | 4 5 6 7 8 |  8.2
Invocations    | 2 3 5 7 8 |  8.3

Action                   |  1- 3 |  4- 6 |  7- 9 | 10-12 || total
-------------------------+-------+-------+-------+-------++-------
Melee: War axe           |   106 |   133 |   304 |   133 ||   676
Throw: Throwing net      |       |       |       |     1 ||     1
Invok: Minor Destruction |       |       |     1 |       ||     1
       Lesser Servant of |       |       |       |     3 ||     3
Evoke: Wand              |       |       |     7 |     4 ||    11
  Use: Potion            |     4 |     3 |     5 |     3 ||    15
       Scroll            |     3 |    10 |     4 |       ||    17
 Stab: Paralysed         |       |       |     6 |     6 ||    12
       Held in net/web   |       |       |       |     2 ||     2
  Eat: Chunk             |     1 |     7 |     2 |       ||    10
       Ration            |       |       |     3 |     1 ||     4
Armor: Scale mail        |    59 |    71 |    75 |       ||   205
       Leather armour    |       |       |   108 |    53 ||   161
Dodge: Dodged            |    67 |    62 |   210 |    86 ||   425
Block: Shield            |    30 |       |       |       ||    30
       Buckler           |    16 |    27 |    82 |    32 ||   157
